 Dungeon Crawl Stone Soup version 0.22-a0-799-g88f5e907b7 (webtiles) character file.

3261 Flugkiller the Cleaver (level 10, -10/89 HPs)
             Began as a Hill Orc Gladiator on July 21, 2018.
             Was a Believer of Beogh.
             Mangled by an orc warrior
             ... wielding a +0 halberd
              (21 damage)
             ... in a bailey.
             The game lasted 00:15:25 (7080 turns).

Flugkiller the Cleaver (Hill Orc Gladiator)         Turns: 7080, Time: 00:15:26

Health: -10/89     AC: 11    Str: 20    XL:     10   Next: 0%
Magic:  15/15      EV: 12    Int:  8    God:    Beogh [**....]
Gold:   198        SH:  5    Dex: 16    Spells: 9/9 levels left

rFire    . . .     SeeInvis .   a - +1 war axe
rCold    . . .     Gourm    .   F - +0 buckler
rNeg     . . .     Faith    .   x - +0 swamp dragon scales
rPois    +         Spirit   .   c - +0 helmet
rElec    .         Reflect  .   (no cloak)
rCorr    .         Harm     .   e - +0 pair of gloves
MR       +....                  (no boots)
Stlth    +.........             (no amulet)
HPRegen  0.24/turn              E - +3 ring of dexterity
MPRegen  0.14/turn              y - ring of protection from magic

@: no status effects
A: no striking features
a: Smiting, Renounce Religion


You were in a bailey.
You worshipped Beogh.
Beogh was pleased with you.
You were not hungry.

You visited 2 branches of the dungeon, and saw 8 of its levels.
You also visited: Bailey.

You collected 198 gold pieces.

Inventory:

Hand Weapons
 a - a +1 war axe (weapon)
Missiles
 d - 4 throwing nets (quivered)
Armour
 c - a +0 helmet (worn)
 e - a +0 pair of gloves (worn)
 h - a +0 scale mail
 o - a +0 plate armour
 r - a cursed +0 ring mail
 v - a +2 ring mail of magic resistance
 x - +0 swamp dragon scales (worn)
 D - the +2 ring mail "Diov" {rF+ rCorr Str+2}
   (You found it on level 5 of the Dungeon)

   It affects your strength (+2).
   It protects you from fire.
   It provides partial protection from all sources of acid and corrosion.
 F - a +0 buckler (worn)
Jewellery
 f - an uncursed ring of fire
 k - an uncursed ring of magical power
 w - an uncursed ring of positive energy
 y - a ring of protection from magic (right hand)
 E - a +3 ring of dexterity (left hand)
Wands
 s - a wand of enslavement (15)
 B - a wand of random effects (27)
 H - a wand of digging (10)
Scrolls
 b - 2 scrolls of teleportation
 i - 5 scrolls of remove curse
 m - 2 scrolls of enchant weapon
 u - a scroll of identify
Potions
 g - 2 potions of heal wounds
 l - 2 potions of might {unknown}
 n - 2 potions of ambrosia {unknown}
 p - a potion of resistance {unknown}
 t - a potion of flight {unknown}
 z - a potion of mutation {unknown}
 A - 2 potions of curing {unknown}
 C - 2 potions of haste {unknown}
 G - a potion of invisibility {unknown}
Comestibles
 j - 5 rations
 q - 2 chunks of flesh


   Skills:
 + Level 8.3 Fighting
 + Level 9.7 Axes
 - Level 1.7 Throwing
 + Level 7.3 Armour
 - Level 2.4 Dodging
 - Level 4.0 Shields
 + Level 7.8 Invocations


You had 9 spell levels left.
You didn't know any spells.
Your spell library contained the following spells:

 Spells                   Type           Power        Failure   Level  Hunger
 Confuse                  Hex            #.......     90%         3    ####...
 Summon Small Mammal      Summ           #...         56%         1    ##.....
 Summon Ice Beast         Ice/Summ       #.......     100%        4    #####..
 Call Imp                 Summ           #.......     71%         2    ###....
 Tukima's Dance           Hex            #.......     90%         3    ####...
 Call Canine Familiar     Summ           #.......     90%         3    ####...
 Ensorcelled Hibernation  Hex/Ice        #.....       71%         2    ###....
 Corona                   Hex            #......      56%         1    ##.....
 Dazzling Spray           Conj/Hex       #.....       90%         3    ####...
 Summon Lightning Spire   Summ/Air       #.......     100%        4    #####..
 Summon Guardian Golem    Hex/Summ       #.......     90%         3    ####...


Dungeon Overview and Level Annotations

Branches:
Dungeon (7/15)             Temple (1/1) D:4

Altars:
Ashenzari
Cheibriados
Dithmenos
Elyvilon
Fedhas
Gozag
Hepliaklqana
Kikubaaqudgha
Nemelex Xobeh
Okawaru
Qazlal
Ru
Sif Muna
Trog
Uskayaw
Vehumet
Wu Jian
Xom
Yredelemnul
Zin
The Shining One

Annotations:
D:2 Sigmund
D:4 1 runed door, motoroller71's ghost, novice GnGl


Message History

The orc knight roars a battlecry!
You hit the orc warrior but do no damage.
The orc warrior is severely wounded.
The orc warrior hits you with a halberd!!
An orc comes into view. It is wielding a halberd.
You hit the orc warrior.
The orc warrior is almost dead.
The orc warrior hits you with a halberd!!
* * * LOW HITPOINT WARNING * * *
The orc knight roars a battlecry!
The orc warrior goes into a battle-frenzy!
There is a gate leading back out of this place, spattered with blood here.
Evoke which item? (* to show all) (? for menu, Esc to quit)
Aiming: Enslavement
Press: ? - help, Shift-Dir - straight line, f - orc warrior
Aim: an orc warrior, wielding a halberd and wearing a scale mail (almost dead, unusually strong, chance to defeat MR: 46%)
The orc warrior resists with some effort.
The orc warrior hits you from afar with a halberd!!
You die...
Beogh appreciates the orc warrior's killing of a heretic priest.

### ##@## #.∩.#
#oo.#
≈o≈≈.......≈≈o≈
ooo≈.......≈oo.
≈o≈≈.......≈≈o≈
≈≈≈..#...#..≈≈≈
....##...##....
#### ##∩## ####


You could see an orc warrior and an orc.

Vanquished Creatures
  Pikel (D:6)
  Edmund (D:6)
  Duvessa (D:5)
  An ice beast (D:5)
  A slave (D:6)
  A sky beast (D:6)
  2 orc warriors (D:6)
  5 ogres
  3 centaurs
  2 bullfrogs (D:6)
  Dowan (D:5)
  4 scorpions
  3 wights
  A howler monkey (D:4)
  5 crimson imps
  A bullfrog zombie (D:7)
  5 jellies
  A hound (D:4)
  2 centaur skeletons (D:4)
  2 orc priests
  A bullfrog skeleton (D:6)
  Terence (D:2)
  An iguana (D:4)
  4 worker ants
  4 orc wizards
  A hound skeleton (D:5)
  A worker ant zombie (D:6)
  6 adders
  3 gnolls (D:6)
  2 oozes
  4 adder zombies
  An adder skeleton (D:4)
  4 worms
  A dart slug (D:6)
  5 leopard geckos
  27 orcs
  6 bats
  A giant cockroach (D:1)
  12 goblins
  5 hobgoblins
  4 jackals
  12 kobolds
  2 quokkas
  2 ball pythons
  6 frilled lizards
  A leopard gecko zombie (D:5)
  6 rats
166 creatures vanquished.

Vanquished Creatures (others)
  An adder (D:3)
  An orc (D:3)
2 creatures vanquished.

Grand Total: 168 creatures vanquished

Notes
Turn   | Place    | Note
-------+----------+-------------------------------------------
     0 | D:1      | Flugkiller the Hill Orc Gladiator began the quest for the Orb.
     0 | D:1      | Reached XP level 1. HP: 18/18 MP: 1/1
    65 | D:1      | Reached XP level 2. HP: 22/25 MP: 2/2
   106 | D:1      | Reached skill level 1 in Armour
   596 | D:1      | Reached XP level 3. HP: 31/31 MP: 3/3
   644 | D:2      | Found a blossoming altar of Fedhas.
   774 | D:2      | Found an opulent altar of Gozag.
   923 | D:2      | Noticed Terence
   928 | D:2      | Noticed Sigmund
  1286 | D:2      | Found a sacrificial altar of Ru.
  1324 | D:2      | Reached XP level 4. HP: 36/38 MP: 4/4
  1357 | D:2      | Reached skill level 5 in Axes
  1907 | D:2      | Killed Terence
  2073 | D:3      | Reached XP level 5. HP: 41/46 MP: 5/5
  2176 | D:3      | Became a worshipper of Beogh the Brigand
  2245 | D:3      | Found a sparkling altar of Nemelex Xobeh.
  2429 | D:3      | Found a faded altar of an unknown god.
  2754 | D:4      | Reached skill level 1 in Invocations
  2755 | D:4      | Noticed an ogre
  3049 | D:4      | Reached XP level 6. HP: 51/53 MP: 5/7
  3056 | D:4      | Reached skill level 6 in Axes
  3110 | D:4      | Found a hazy altar of Hepliaklqana.
  3149 | D:4      | Reached skill level 5 in Fighting
  3201 | D:4      | Reached XP level 7. HP: 44/61 MP: 9/9
  3335 | D:4      | Found a staircase to the Ecumenical Temple.
  3350 | Temple   | Entered the Ecumenical Temple
  3606 | D:4      | Reached * piety under Beogh
  3894 | D:4      | Reached skill level 7 in Axes
  3935 | D:4      | Found a runed door.
  3935 | D:4      | Found a sacrificial altar of Ru.
  3936 | D:4      | Noticed motoroller71's ghost (novice GnGl)
  4399 | D:4      | Found a bloodstained altar of Trog.
  4425 | D:5      | Entered Level 5 of the Dungeon
  4490 | D:5      | Noticed Dowan
  4490 | D:5      | Noticed Duvessa
  4512 | D:5      | Reached XP level 8. HP: 65/70 MP: 11/11
  4526 | D:5      | Killed Duvessa
  4526 | D:5      | Reached skill level 5 in Armour
  4529 | D:5      | Killed Dowan
  4699 | D:5      | Reached skill level 5 in Invocations
  5052 | D:5      | Got a polished ring mail
  5138 | D:5      | Reached skill level 8 in Axes
  5414 | D:5      | Reached skill level 1 in Shields
  5455 | D:6      | Found a sacrificial altar of Ru.
  5542 | D:6      | Reached XP level 9. HP: 71/79 MP: 13/13
  5705 | D:6      | Noticed Edmund
  5727 | D:5      | Reached ** piety under Beogh
  5783 | D:6      | Killed Edmund
  6445 | D:6      | Reached skill level 9 in Axes
  6724 | D:6      | Identified the +2 ring mail "Diov" {rF+ rCorr Str+2} (You found it on level 5 of the Dungeon)
  6889 | D:6      | Found a snail-covered altar of Cheibriados.
  6925 | D:6      | Noticed Pikel
  6942 | D:6      | Killed Pikel
  7011 | D:7      | Found a flagged portal.
  7044 | D:7      | Reached XP level 10. HP: 73/89 MP: 15/15
  7059 | Bailey   | Entered a bailey
  7059 | Bailey   | Noticed an orc knight
  7059 | Bailey   | Noticed an orc knight
  7059 | Bailey   | Noticed an orc knight
  7080 | Bailey   | Mangled by an orc warrior

Vault maps used:
D:1:      dpeg_arrival_fog
D:2:      lemuel_round_altar, lemuel_crystal_altar, nicolae_ru_path_of_blood,
          uniq_sigmund, uniq_terence
D:3:      nemelex_altar_shiori, chequers_ecumenical_altar_grove, first_ration,
          serial_bayou_pond_a
D:4:      lemuel_doored_altar, grunt_temple_overflow_open,
          minmay_temple_entry_trees, gammafunk_ghost_grave,
          kennysheep_generic_room_12
D:5:      kennysheep_six_static_rooms, uniq_duvessa
D:6:      basic_altar, hangedman_abyss_or_decor_passed, kennysheep_slug_shrine,
          uniq_pikel, uniq_edmund
D:7:      enter_bailey_2
Temple:   regret_index_temple_waves
Bailey:   bailey_polearm_4, bailey

Skill      XL: |  1  2  3  4  5  6  7  8  9 |
---------------+----------------------------+-----
Armour         | 1 2 3 4 6 7 |  7.3
Fighting       | 3 4 5 7 8 |  8.3
Axes           | 5 6 7 8 9 |  9.7
Invocations    | 1 2 4 6 7 |  7.8
Shields        | 1 4 |  4.0
Throwing       | |  1.7
Dodging        | |  2.4

Action                   |  1- 3 |  4- 6 |  7- 9 | 10-12 || total
-------------------------+-------+-------+-------+-------++-------
Melee: War axe           |    88 |   155 |   342 |    11 ||   596
Invok: Convert to Beogh  |       |     1 |       |       ||     1
       Smiting           |       |       |     1 |       ||     1
Evoke: Wand              |       |       |       |     2 ||     2
  Use: Scroll            |       |     1 |     6 |       ||     7
  Eat: Chunk             |       |     8 |     9 |       ||    17
       Ration            |       |       |     1 |       ||     1
Armor: Leather armour    |     9 |       |       |       ||     9
       Scale mail        |    44 |     9 |       |       ||    53
       Plate armour      |       |   115 |    66 |       ||   181
       Swamp dragon scal |       |       |   100 |     1 ||   101
Dodge: Dodged            |    63 |    56 |   165 |     2 ||   286
Block: Buckler           |       |       |    43 |     4 ||    47

Table legend:
 A = Spawn XP
 B = Non-spawn XP
 C = Spawn XP percentage of total XP
 D = Spawn monster count
 E = Non-spawn monster count
 F = Spawn count percentage of total count
 G = Total turns spent on level
                    A         B        C        D         E        F      G
               +---------+---------+-------+---------+---------+-------+---------
         Total |       0 |    4659 |   0.0 |       0 |     166 |   0.0 |  7080
               +---------+---------+-------+---------+---------+-------+---------
           D:1 |       0 |      43 |   0.0 |       0 |      26 |   0.0 |  1110
           D:2 |       0 |     108 |   0.0 |       0 |      21 |   0.0 |   917
           D:3 |       0 |      94 |   0.0 |       0 |      17 |   0.0 |  1029
           D:4 |       0 |     912 |   0.0 |       0 |      27 |   0.0 |  1249
           D:5 |       0 |    1105 |   0.0 |       0 |      31 |   0.0 |  1265
           D:6 |       0 |    2151 |   0.0 |       0 |      36 |   0.0 |  1332
           D:7 |       0 |     246 |   0.0 |       0 |       8 |   0.0 |    37
               +---------+---------+-------+---------+---------+-------+---------
